Map: Lerilak Crest

Players

Arthas - Winner!

  • Race: Zerg Zerg
  • League: Platinum

UncleVelvet

  • Race: Terran Terran
  • League: Platinum

VOD

Have the link to the VOD?

Description

Time

  • Played on: March 5, 2016, 1:49 a.m.
  • Length: 16:24
Show
View Real Time Build Order
Export as new Build Order

Arthas Zerg - Winner!

Build Orders: Hatch First, Muta Ling Bane 

Get SALT Encoding   

  12  0:01  Drone  
  13  0:12  Overlord  
  13  0:17  Drone  
  14  0:30  Drone x2  
  16  0:38  Drone  
  17  0:52  Hatchery  
  17  0:55  Drone  
  17  0:59  Drone  
  17  1:01  Extractor  
  17  1:14  Spawning Pool  
  17  1:17  Drone  
  17  1:21  Drone  
  18  1:28  Drone  
  19  1:38  Overlord  
  19  2:02  Queen  
  19  2:03  Zergling x2  
  19  2:04  Zergling x2  
  23  2:10  Metabolic Boost  
  23  2:12  Queen  
  23  2:14  Drone x2  
  27  2:19  Drone  
  27  2:22  Drone  
  29  2:28  Overlord  
  29  2:33  Drone  
  30  2:48  Queen  
  32  2:56  Hatchery, Overlord  
  32  2:57  Drone  
  32  3:00  Drone  
  32  3:02  Drone  
  34  3:07  Drone x2  
  36  3:18  Drone x2  
  38  3:21  Extractor, Drone x2  
  38  3:22  Drone  
  38  3:23  Drone  
  41  3:30  Queen  
  43  3:44  Roach Warren  
  43  3:46  Drone x4  
  46  3:48  Drone  
  47  3:58  Overlord  
  47  3:59  Drone x4  
  49  4:16  Extractor  
  49  4:17  Extractor, Drone  
  49  4:20  Spore Crawler  
  49  4:21  Drone x2  
  49  4:22  Spore Crawler  
  48  4:25  Lair  
  48  4:29  Roach x2  
  48  4:30  Baneling Nest  
  48  4:31  Roach  
  53  4:39  Drone x4  
  57  4:46  Overlord  
  57  4:48  Drone  
  57  4:49  Drone  
  57  4:51  Drone x2  
  57  4:52  Drone  
  62  4:57  Overlord  
  62  5:22  Drone x5  
  62  5:23  Drone x7  
  62  5:25  Centrifical Hooks  
  62  5:28  Overlord  
  74  5:39  Spire  
  74  5:41  Zergling x2  
  72  6:00  Zergling x2  
  72  6:01  Zergling x22  
  69  6:16  Drone x3  
  69  6:17  Drone x6  
  76  6:27  Drone  
  76  6:28  Drone x2  
  79  6:41  Drone x2  
  81  6:55  Overlord x3  
  81  7:02  Spore Crawler  
  81  7:04  Ravager  
  79  7:14  Mutalisk x8  
  91  7:17  Overseer  
  89  7:23  Overlord x2  
  79  7:38  Drone  
  79  7:39  Drone x2  
  81  7:47  Zergling x20  
  91  7:59  Zerg Flyer Armor Level 1  
  91  8:01  Evolution Chamber x2  
  91  8:04  Mutalisk x3  
  95  8:12  Queen  
  97  8:13  Overseer  
  97  8:20  Baneling  
  97  8:21  Extractor, Baneling x2  
  97  8:23  Drone x2  
  97  8:24  Drone x8  
  97  8:25  Extractor, Drone  
  106  8:27  Zerg Melee Weapons Level 1  
  106  8:31  Hatchery  
  106  8:32  Drone x2  
  106  8:34  Zerg Ground Armor Level 1  
  107  9:02  Infestation Pit  
  106  9:07  Overlord x3  
  106  9:14  Zergling x2  
  106  9:15  Zergling x22  
  118  9:26  Mutalisk x4  
  118  9:27  Mutalisk  
  128  9:40  Overlord  
  128  9:42  Hive  
  128  9:48  Zergling x18  
  137  9:58  Extractor  
  133  10:01  Overlord x3  
  133  10:02  Extractor  
  114  10:10  Mutalisk x7  
  119  10:21  Overseer  
  119  10:22  Pneumatized Carapace  
  119  10:26  Queen  
  119  10:27  Drone x4  
  119  10:28  Drone  
  126  10:57  Zerg Ground Armor Level 2  
  126  11:00  Ultralisk Cavern  
  126  11:01  Zerg Melee Weapons Level 2  
  126  11:02  Zergling x8  
  126  11:03  Zergling x32  
  145  11:12  Overseer  
  145  11:15  Zerg Flyer Armor Level 2  
  145  11:54  Hatchery  
  142  12:07  Mutalisk x12  
  159  12:15  Zergling x2  
  159  12:16  Zergling x14  
  160  12:41  Adrenal Glands  
  160  12:44  Drone x2  
  160  13:25  Zerg Ground Armor Level 3  
  153  13:28  Zerg Melee Weapons Level 3  
  149  13:34  Mutalisk  
  149  13:35  Mutalisk x6  
  149  13:39  Baneling x12  
  163  13:54  Mutalisk x5  
  173  14:02  Mutalisk x2  
  173  14:08  Drone x4  
  173  14:09  Overlord x3  
  166  14:27  Zergling x2  
  166  14:28  Zergling x38  
  174  14:55  Mutalisk x7  
  165  15:08  Roach x12  
  180  16:12  Extractor  
  180  16:13  Extractor  
Show
View Real Time Build Order
Export as new Build Order

UncleVelvet Terran 

Build Orders: Hellion Banshee, Mech 

Get SALT Encoding   

  12  0:01  SCV  
  13  0:13  SCV  
  14  0:17  Supply Depot  
  14  0:25  SCV  
  15  0:39  SCV, Barracks  
  16  0:51  SCV  
  17  1:03  SCV  
  18  1:19  SCV  
  19  1:26  Marine  
  19  1:27  Command Center  
  19  1:32  Orbital Command  
  20  1:38  Refinery  
  20  1:43  Refinery  
  20  1:50  Supply Depot  
  20  1:54  Marine  
  21  1:59  SCV  
  22  2:11  SCV  
  22  2:12  Marine  
  24  2:21  Bunker  
  24  2:23  SCV  
  25  2:31  Factory  
  25  2:34  Barracks Reactor  
  25  2:56  Orbital Command  
  25  2:57  SCV  
  25  3:04  Supply Depot  
  25  3:09  SCV  
  26  3:17  Starport  
  26  3:26  Orbital Command  
  27  3:28  SCV  
  27  3:31  Hellion x2  
  31  3:36  Supply Depot  
  31  3:37  Barracks Tech Lab  
  31  3:40  SCV  
  32  3:52  SCV  
  32  3:54  Hellion x2  
  37  4:04  SCV x2  
  37  4:09  Supply Depot  
  39  4:13  Banshee  
  39  4:16  SCV x2, Cloaking Field  
  44  4:25  Marine  
  44  4:28  SCV x2  
  47  4:32  Hellion x2  
  51  4:39  Supply Depot  
  51  4:40  SCV x2  
  53  4:52  SCV x2  
  55  5:00  Banshee  
  55  5:01  Hellion  
  55  5:02  Hellion  
  62  5:17  Command Center  
  62  5:21  Factory  
  62  5:22  Armory, Factory  
  62  5:27  SCV x2  
  64  5:29  Armory  
  64  5:39  SCV x2  
  66  5:58  SCV x2  
  66  6:00  Hellion x2  
  69  6:12  Liberator  
  65  6:21  Hellion  
  65  6:24  SCV  
  65  6:25  SCV  
  61  6:27  Factory Tech Lab  
  61  6:28  Factory Tech Lab  
  64  6:37  SCV  
  64  6:38  SCV  
  66  6:40  Terran Vehicle Weapons Level 1  
  66  6:41  Terran Vehicle And Ship Armor Level 1  
  66  6:44  Refinery  
  66  6:45  Refinery  
  66  6:46  Supply Depot  
  66  6:47  Supply Depot  
  66  6:54  SCV x2  
  68  6:55  Siege Tank  
  70  7:18  Banshee  
  68  7:39  Siege Tank  
  68  7:47  SCV  
  68  7:48  SCV  
  68  7:51  Engineering Bay  
  66  7:53  Liberator  
  66  7:56  Widow Mine x2  
  71  8:05  SCV x2  
  71  8:06  Marine  
  76  8:17  Missile Turret  
  76  8:24  Marine, Missile Turret x2  
  76  8:26  Missile Turret  
  77  8:29  Missile Turret  
  77  8:35  Missile Turret  
  77  8:40  SCV x2  
  79  8:41  Orbital Command  
  79  8:44  Missile Turret  
  79  8:48  Command Center, Missile Turret  
  79  8:50  Terran Vehicle Weapons Level 2  
  79  8:52  SCV x2, Factory  
  81  8:56  Thor  
  81  8:57  Factory  
  81  8:59  Hellbat x2  
  81  9:00  Hellbat  
  93  9:10  SCV x3, Refinery  
  93  9:14  Terran Vehicle And Ship Armor Level 2, Refinery  
  96  9:20  Hellbat  
  96  9:22  SCV x3  
  101  9:24  Hellbat  
  101  9:25  Siege Tank  
  106  9:34  SCV x2  
  108  9:40  Supply Depot  
  97  10:16  SCV x3  
  100  10:24  Missile Turret  
  100  10:26  Siege Tank x2  
  100  10:27  Factory Reactor, Factory Tech Lab  
  100  10:28  SCV, Hellbat x2  
  111  10:32  Infernal Pre-Igniter  
  115  10:50  Hellbat x2  
  115  10:51  Supply Depot, Siege Tank  
  115  10:53  Supply Depot  
  115  10:56  Supply Depot  
  118  10:58  Siege Tank  
  118  10:59  Siege Tank  
  124  11:06  Hellbat x2  
  124  11:09  SCV x2  
  132  11:11  Hellbat  
  132  11:13  Hellbat  
  134  11:23  Hellbat  
  136  11:27  Refinery  
  136  11:28  Hellbat x2  
  136  11:30  Refinery, Siege Tank  
  136  11:31  Siege Tank  
  148  11:32  Hellbat  
  148  11:35  Hellbat  
  149  11:44  Siege Tank  
  149  11:54  Hellbat x2  
  153  12:06  Thor  
  153  12:07  Thor  
  151  12:19  Thor  
  154  12:29  Missile Turret  
  148  12:30  Missile Turret  
  147  12:41  Missile Turret  
  143  13:00  SCV x3  
  133  13:32  Planetary Fortress  
  117  14:12  Command Center  
  107  14:33  Bunker  
  83  15:49  Command Center  
Tags
 
Add a new tag
Caveats
  • Supply blocks, unpowered buildings, or Contaminate may cause inaccurate times.
  • Supply counts are checked every 10 seconds.